 Dungeon Crawl Stone Soup version 0.29.0-15-g675c0067aa (webtiles) character file.

Game seed: 15702644305532006771

133 qw the Chopper (level 5, -13/32 HPs)
             Began as a Gargoyle Fighter on Sept 12, 2022.
             Mangled by Menkaure (14 damage)
             ... on level 4 of the Dungeon.
             The game lasted 00:00:56 (2771 turns).

qw the Chopper (Gargoyle Fighter)                   Turns: 2771, Time: 00:00:56

Health: -13/32     AC: 14    Str: 21    XL:     5   Next: 16%
Magic:  0/5        EV:  7    Int:  9    God:
Gold:   202        SH:  4    Dex:  9    Spells: 4/4 levels left

rFire   . . .      SeeInvis .   Y - +1 war axe
rCold   . . .      Faith    .   c - +0 buckler
rNeg    + . .      Spirit   +   r - +0 chain mail
rPois   inf        Reflect  .   (no helmet)
rElec   +          Harm     .   t - +0 cloak
rCorr   .          Rampage  .   (no gloves)
Will    .....                   (no boots)
Stlth   ..........              m - amulet of guardian spirit
HPRegen 0.10/turn               (no ring)
MPRegen 0.09/turn               (no ring)

@: about to teleport
A: sickness immunity, AC +4, negative energy resistance 1, electricity
resistance, torment resistance 1, petrification resistance
a: no special abilities


You were on level 4 of the Dungeon.
You visited 1 branch of the dungeon, and saw 4 of its levels.

You collected 202 gold pieces.


Innate Abilities, Weirdness & Mutations

You are immune to sickness and miasma.
Your stone body is resilient. (AC +4)
You are immune to poison.
You resist negative energy. (rN+)
You are resistant to electric shocks. (rElec)
You are resistant to unholy torment.
You are immune to petrification.


   Skills:
 - Level 3.2 Fighting
 + Level 4.4 Axes
 - Level 1.3 Throwing
 - Level 3.2 Armour
 - Level 3.2 Shields


You had 4 spell levels left.
You didn't know any spells.
Your spell library was empty.

Inventory:

Hand Weapons
 s - a +1 hand axe of flaming
 Y - a +1 war axe (weapon)
Missiles
 j - 10 boomerangs (quivered)
Armour
 c - a +0 buckler (worn)
 r - a +0 chain mail (worn)
 t - a +0 cloak (worn)
Jewellery
 m - an amulet of guardian spirit (around neck)
 o - a ring of ice
Scrolls
 a - a scroll of identify
Potions
 d - 2 potions of might
 e - a potion of mutation
 g - a potion of cancellation
 i - a potion of heal wounds {unknown}
 l - a potion of lignification {unknown}
 n - a potion of curing {unknown}

Dungeon Overview and Level Annotations

Branches:
Dungeon (4/15)
 Temple: D:4-7

Altars:
Elyvilon
Uskayaw

Shops:
D:2 :

Annotations:
D:4 Menkaure


Message History

The ball python bites you. The ball python constricts you.
The ball python bites you but does no damage.
The ball python constricts you. Menkaure hits you but does no damage.
You slash the ball python!
You kill the ball python!
You closely miss Menkaure. Menkaure hits you!
You barely miss Menkaure. Menkaure completely misses you.
You hit Menkaure.
Menkaure is lightly damaged.
Menkaure gestures at you while chanting.
You barely resist. You barely miss Menkaure.
Menkaure is lightly damaged.
Menkaure calls on the powers of darkness!
Your body is wracked with pain!
You slash Menkaure!
Menkaure is heavily damaged.
Menkaure gestures at you while chanting.
Pain shoots through your body!
You closely miss Menkaure.
Menkaure is heavily damaged.
Menkaure mumbles some strange words.
Menkaure seems to speed up.
You barely miss Menkaure.
Menkaure is heavily damaged.
Menkaure hits you.
2769 ||| READING scroll of teleportation.
As you read the scroll of teleportation, it crumbles to dust.
You feel strangely unstable. Menkaure hits you but does no damage.
You block Menkaure's attack.
You barely miss Menkaure.
Menkaure is heavily damaged.
Menkaure hits you!
You slash Menkaure!
Menkaure is almost destroyed.
Menkaure casts a spell at you.
You barely resist. Menkaure hits you!
You die...

.# . .# ##. .## #.. ####
..# #.# .>. #.# #.# ##.#
#.# #.#####..#
#.#######.#..%..######.#
#...........####...(...#
#####.##.#.## #@####.##
....).##.#.....M%#
.....##..####.(... ....#
#.## #...#### .... ..
#.### .... #.# ... .^.
.. #.# ### #.


You could see Menkaure (fast).

Vanquished Creatures
  An orc wizard (D:3)
  3 adders
  A worm (D:3)
  2 dart slugs
  4 orcs (D:3)
  5 endoplasms
  A giant cockroach (D:2)
  7 goblins
  3 hobgoblins
  6 jackals
  7 kobolds
  6 quokkas
  5 ball pythons
  5 bats
  4 frilled lizards (D:1)
  8 rats
68 creatures vanquished.

Notes
Turn   | Place    | Note
-------+----------+-------------------------------------------
     0 | D:1      | qw the Gargoyle Fighter began the quest for the Orb.
     0 | D:1      | Reached XP level 1. HP: 14/14 MP: 1/1
     0 | D:1      | 0 ||| qw: Version: 0.1-a-119-g272c26d
     0 | D:1      | 0 ||| qw: Game counter: 10804
     0 | D:1      | 0 ||| qw: Always use a shield: true
     0 | D:1      | 0 ||| qw: God list: Okawaru
     0 | D:1      | 0 ||| qw: Allow faded altars: false
     0 | D:1      | 0 ||| qw: Do Orc after D:15 true
     0 | D:1      | 0 ||| qw: Do second Lair branch before Depths: true
     0 | D:1      | 0 ||| qw: Lair rune preference: random
     0 | D:1      | 0 ||| qw: Plans: Normal, Zot, God:TSO, Crypt, Tomb, Pan,
                  | Slime, Hells, Zig, Abyss, Orb
     0 | D:1      | 0 ||| PLANNING D:1-11
   182 | D:1      | Reached skill level 2 in Axes
   188 | D:1      | Reached XP level 2. HP: 18/19 MP: 2/2
   312 | D:1      | 312 ||| Stepping ~*~*~tactically~*~*~ (stealth).
   314 | D:1      | 314 ||| Stepping ~*~*~tactically~*~*~ (stealth).
   491 | D:1      | Reached skill level 3 in Axes
   540 | D:1      | Reached XP level 3. HP: 23/23 MP: 3/3
   738 | D:1      | 738 ||| READING 2 scrolls labelled KIWNUAGEAR.
   739 | D:1      | 739 ||| READING scroll labelled CACWEZ ZIPP.
   740 | D:1      | 740 ||| READING scroll labelled GIESEI BYULIGU.
   893 | D:2      | Reached skill level 1 in Throwing
   922 | D:2      | Found Xemyanym's Book Boutique.
  1179 | D:2      | 1179 ||| Stepping ~*~*~tactically~*~*~ (stealth).
  1609 | D:2      | 1609 ||| DROPPING +0 club.
  1679 | D:2      | 1679 ||| UPGRADING to amulet of guardian spirit.
  1684 | D:2      | 1684 ||| READING 3 scrolls labelled DOSSOI BESHOIN.
  1685 | D:2      | 1685 ||| READING 2 scrolls of identify.
  1685 | D:2      | 1685 ||| IDENTIFYING fuming black potion
  1686 | D:2      | 1686 ||| DROPPING 2 scrolls of amnesia.
  1729 | D:3      | Reached XP level 4. HP: 28/28 MP: 4/4
  1796 | D:3      | Found a hide-covered altar of Uskayaw.
  1846 | D:3      | 1846 ||| Stepping ~*~*~tactically~*~*~ (hiding).
  1848 | D:3      | 1848 ||| Stepping ~*~*~tactically~*~*~ (hiding).
  1849 | D:3      | 1849 ||| Stepping ~*~*~tactically~*~*~ (hiding).
  1916 | D:3      | 1916 ||| DROPPING +0 whip.
  2033 | D:3      | 2033 ||| Stepping ~*~*~tactically~*~*~ (hiding).
  2035 | D:3      | 2035 ||| Stepping ~*~*~tactically~*~*~ (stealth).
  2042 | D:3      | Reached skill level 4 in Axes
  2042 | D:3      | 2042 ||| Stepping ~*~*~tactically~*~*~ (stealth).
  2044 | D:3      | 2044 ||| Stepping ~*~*~tactically~*~*~ (stealth).
  2086 | D:3      | 2086 ||| Stepping ~*~*~tactically~*~*~ (stealth).
  2363 | D:3      | Reached XP level 5. HP: 32/32 MP: 5/5
  2594 | D:3      | Found a white marble altar of Elyvilon.
  2646 | D:3      | 2646 ||| UPGRADING to +0 chain mail.
  2656 | D:3      | 2656 ||| DROPPING +0 scale mail.
  2657 | D:3      | 2657 ||| UPGRADING to +0 cloak.
  2662 | D:3      | 2662 ||| DROPPING ring of flight.
  2663 | D:3      | 2663 ||| READING scroll labelled OVIUJO MIUCSYR.
  2664 | D:3      | 2664 ||| READING 2 scrolls labelled MUWNAAHONU.
  2665 | D:3      | 2665 ||| READING scroll labelled SAD YCHEBYED.
  2666 | D:3      | 2666 ||| READING scroll labelled NEHILI VAIRURPH.
  2667 | D:3      | 2667 ||| READING 2 scrolls of identify.
  2667 | D:3      | 2667 ||| IDENTIFYING inky potion
  2668 | D:3      | 2668 ||| DROPPING scroll of poison.
  2758 | D:4      | Noticed Menkaure
  2768 | D:4      | HP: 7/32 [Menkaure (4)]
  2769 | D:4      | 2769 ||| READING scroll of teleportation.
  2770 | D:4      | HP: 1/32 [Menkaure (7)]
  2771 | D:4      | Mangled by Menkaure

Levels and vault maps discovered:
D:1:      onia_arrival_mini_maze_b, layout_basic
D:2:      layout_basic, serial_shops, nicolae_shop_crystal, chequers_garden,
          minmay_box_of_dots
D:3:      minmay_spotlight, layout_loops_cross, old_standard_altar,
          lemuel_coloured_pillars_altar, minmay_ruptured
D:4:      minmay_chambers_of_threes, layout_rooms, uniq_menkaure, uniq_ijyb,
          uniq_grinder, uniq_blork_the_orc

Skill      XL: |  1  2  3  4 |
---------------+-------------+-----
Axes           | 2 3 4 |  4.4
Throwing       | 1 |  1.3
Fighting       | |  3.2
Armour         | |  3.2
Shields        | |  3.2

Action                   |  1- 3 |  4- 6 || total
-------------------------+-------+-------++-------
Melee: War axe           |   127 |    61 ||   188
Throw: Javelin           |    20 |    16 ||    36
       Boomerang         |       |     4 ||     4
  Use: Scroll            |     5 |     6 ||    11
Armor: Scale mail        |    82 |    20 ||   102
       Chain mail        |       |     4 ||     4
Dodge: Dodged            |    76 |    14 ||    90
Block: Buckler           |    31 |    12 ||    43

Table legend:
 A = Non-vault XP
 B = Vault XP
 C = Vault XP percentage of total XP
 D = Non-vault monster count
 E = Vault monster count
 F = Vault count percentage of total count
                 A         B        C        D         E       F
            +---------+---------+-------+---------+---------+-------
      Total |     146 |      45 |  23.6 |      56 |      12 |  17.6
            +---------+---------+-------+---------+---------+-------
        D:1 |      47 |       0 |   0.0 |      28 |       0 |   0.0
        D:2 |      18 |      16 |  47.1 |      10 |       3 |  23.1
        D:3 |      76 |      29 |  27.6 |      15 |       9 |  37.5
        D:4 |       5 |       0 |   0.0 |       3 |       0 |   0.0
            +---------+---------+-------+---------+---------+-------
